 Dungeon Crawl Stone Soup version 0.28.0-45-g0d030f2227 (webtiles) character file.

Game seed: 14743022770183995584

9 Bruhh the Caller (level 2, -1/24 HPs)
             Began as an Ogre Summoner on Apr 22, 2022.
             Slain by a kobold
             ... wielding a +0 short sword
              (3 damage)
             ... on level 1 of the Dungeon.
             The game lasted 00:00:31 (76 turns).

Bruhh the Caller (Ogre Summoner)                      Turns: 76, Time: 00:00:32

Health: -1/24      AC:  3    Str: 11    XL:     2   Next: 12%
Magic:  4/6        EV:  9    Int: 16    God:
Gold:   0          SH:  0    Dex:  9    Spells: 6/7 levels left

rFire   . . .      SeeInvis .   (no weapon)
rCold   . . .      Faith    .   (no shield)
rNeg    . . .      Spirit   .   a - +0 robe
rPois   .          Reflect  .   (helmet restricted)
rElec   .          Harm     .   (no cloak)
rCorr   .          Rampage  .   (gloves unavailable)
Will    .....                   (boots unavailable)
Stlth   +.........              (no amulet)
HPRegen 0.08/turn               (no ring)
MPRegen 0.10/turn               (no ring)

@: no status effects
A: large, unfitting armour, tough skin 1
a: no special abilities


You were on level 1 of the Dungeon.
You visited 1 branch of the dungeon, and saw 1 of its levels.

Inventory:

Armour
 a - a +0 robe (worn)


   Skills:
 - Level 1.7 Dodging
 - Level 1.4 Stealth
 + Level 3.2 Spellcasting
 - Level 3.6 Summonings


You had 6 spell levels left.
You knew the following spells:

 Your Spells              Type           Power      Damage    Failure   Level
a - Summon Small Mammal   Summ           56%        N/A       4%          1

Your spell library contained the following spells:

 Spells                   Type           Power      Damage    Failure   Level
 Call Imp                 Summ           14%        N/A       6%          2
 Call Canine Familiar     Summ           14%        N/A       12%         3
 Summon Guardian Golem    Hex/Summ       8%         N/A       26%         3
 Summon Lightning Spire   Summ/Air       8%         N/A       65%         4


Dungeon Overview and Level Annotations

Branches:
Dungeon (1/15)

Altars:


Innate Abilities, Weirdness & Mutations

You are too large for most types of armour.
You have tough skin. (AC +1)


Message History

Unknown command.
You are too injured to fight recklessly!
Casting: Summon Small Mammal (safe; 4% risk of failure)
Confirm with . or Enter, or press ? or * to list all spells.
The jackal closely misses you.
Your bat barely misses the jackal.
The jackal bites you but does no damage.
The jackal bites you.
* * * LOW HITPOINT WARNING * * *
Unknown command.
Your quokka bites the jackal but does no damage.
Your bat closely misses the jackal.
The jackal closely misses your quokka.
Your quokka bites the jackal.
The jackal closely misses you. The jackal bites your quokka.
Your bat barely misses the jackal.
Your quokka barely misses the jackal.
You hit the jackal.
You kill the jackal!
Your bat closely misses the jackal.
Your quokka bites the jackal.
The jackal dies!
You have reached level 2!
Your bat disappears in a puff of smoke!
Your quokka disappears in a puff of smoke!
A kobold comes into view. It is wielding a +0 short sword.
A kobold is nearby!
A kobold is nearby!
A kobold is nearby!
A kobold is nearby!
You are too injured to fight recklessly!
You are too injured to fight recklessly!
You are too injured to fight recklessly!
You are too injured to fight recklessly!
The kobold hits you with a +0 short sword.
* * * LOW HITPOINT WARNING * * *
You hit the kobold.
The kobold is moderately wounded.
The kobold hits you with a +0 short sword.
* * * LOW HITPOINT WARNING * * *
You closely miss the kobold.
The kobold is moderately wounded.
The kobold hits you with a +0 short sword.
You die...

...## ...
.........# .
.......#.# (.
......#.##
#..##.......##
≈.?......$...######
P♣... #.##)........
≈≈....#.....#.#.###
#.K@...†8....#
.^.[..†##.##...##.#
≈.....# #..##.##
...... ##..#'#
..... ..#'# .....
.##⌠## .... .+⌠<⌠+
#### .##⌠## #+#


You could see a kobold.

Vanquished Creatures
  A jackal (D:1)
  A frilled lizard (D:1)
2 creatures vanquished.

Vanquished Creatures (collateral kills)
  A bat (D:1)
  A hobgoblin (D:1)
  A jackal (D:1)
  A quokka (D:1)
  A frilled lizard (D:1)
  A kobold (D:1)
6 creatures vanquished.

Vanquished Creatures (others)
  6 plants (D:1)
6 creatures vanquished.

Grand Total: 14 creatures vanquished

Notes
Turn   | Place    | Note
-------+----------+-------------------------------------------
     0 | D:1      | Bruhh the Ogre Summoner began the quest for the Orb.
     0 | D:1      | Reached XP level 1. HP: 16/16 MP: 3/3
    43 | D:1      | Reached XP level 2. HP: 6/24 MP: 1/6
    76 | D:1      | Slain by a kobold

Illustrated notes

Levels and vault maps discovered:
D:1:      grunt_arrival_crossed_arrows, layout_rooms, serial_bayou,
          serial_bayou_pond_c, serial_bayou_pond_a, serial_bayou_lake_a,
          serial_bayou_pond_b, serial_shops, shop,
          dreamdust_ecumenical_altar_sealed_demon

Skill      XL: |  1 |
---------------+----+-----
Spellcasting   | 3 |  3.2
Dodging        | |  1.7
Stealth        | |  1.4
Summonings     | |  3.6

Action                   || total
-------------------------++-------
Melee: Unarmed           ||    24
       Punch             ||     2
 Cast: Summon Small Mamm ||     5
Armor: Robe              ||    10
Dodge: Dodged            ||    13
